 Dungeon Crawl Stone Soup version 0.17.1-3-g152610e (webtiles) character file.

41 Alarkh the Insei (level 3, -3/23 HPs)
             Began as an Octopode Transmuter on Apr 17, 2016.
             Slain by a hobgoblin (4 damage)
             ... on level 2 of the Dungeon.
             The game lasted 00:01:06 (928 turns).

Alarkh the Insei (Octopode Transmuter)               Turns: 928, Time: 00:01:07

Health: -3/23      AC:  1    Str:  9      XL:     3   Next: 52%
Magic:  6/6        EV: 12    Int: 16      God:
Gold:   136        SH:  0    Dex:  9 (12) Spells: 1 memorised, 5 levels left

rFire  . . .     SeeInvis .       - Unarmed
rCold  . . .     Clarity  .     (no shield)
rNeg   . . .     SustAt   .     (helmet restricted)
rPois  .         Gourm    .     (no amulet)
rElec  .         Spirit   .     j - ring of invisibility
rCorr  .         Warding  .     (no ring)
rMut   .         Stasis   .     (no ring)
MR     .....                    (no ring)
Stlth  ++........               (no ring)
                                (no ring)
                                (no ring)
                                (no ring)

@: lethally poisoned (-3 -> -11), appendage (expiring), not resistant to hostile
enchantments, unstealthy
A: almost no armour, amphibious, 8 rings, constrict 8, tentacle spike 3,
camouflage 1, gelatinous body 1
a: End Transformation, Evoke Invisibility


You were on level 2 of the Dungeon.
You were not hungry.
One of your tentacles had a temporary spike.
You visited 1 branch of the dungeon, and saw 2 of its levels.

You collected 136 gold pieces.

Inventory:

Missiles
 a - 12 arrows
Jewellery
 j - a ring of invisibility (left tentacle)
Scrolls
 d - 2 scrolls of identify {unknown}
 g - 2 scrolls of fog {unknown}
 h - a scroll of amnesia {unknown}
 i - a scroll of random uselessness {unknown}
Potions
 f - a potion of brilliance {unknown}
Books
 b - a book of Changes

   Spells                             Type                      Level
   a - Beastly Appendage              Transmutation                1
   b - Sticks to Snakes               Transmutation                2
   c - Spider Form                    Transmutation/Poison         3
   d - Ice Form                       Ice/Transmutation            4
   e - Blade Hands                    Transmutation                5
Comestibles
 c - a bread ration


   Skills:
 - Level 1.0 Fighting
 - Level 2.0 Dodging
 + Level 4.4 Unarmed Combat
 - Level 2.0 Spellcasting
 - Level 2.0 Transmutations


You had 5 spell levels left.
You knew the following spells:

 Your Spells              Type           Power        Failure   Level  Hunger
a - Beastly Appendage     Trmt           #.....       10%         1    #......


Dungeon Overview and Level Annotations

Branches:
Dungeon (2/15)

Altars:
Sif Muna


Innate Abilities, Weirdness & Mutations

You cannot wear most types of armour.
You are amphibious.
You can wear up to eight rings at the same time.
You can use your tentacles to constrict eight enemies at once.
Your skin changes colour to match your surroundings (Stealth).
Your rubbery body absorbs attacks (AC +1).
One of your tentacles bears a large vicious spike.


Message History

You closely miss the hobgoblin. Your grab misses the hobgoblin.
Your transformation is almost over.
You feel sick.
You closely miss the hobgoblin. Your grab misses the hobgoblin.
The hobgoblin hits you.
* * * LOW HITPOINT WARNING * * *
You closely miss the hobgoblin. You grab the hobgoblin.
You constrict the hobgoblin, but do no damage.
* * * LOW HITPOINT WARNING * * *
You feel sick. The hobgoblin hits you.
* * * LOW HITPOINT WARNING * * *
The rat bites you but does no damage.
Drink which item? (? for menu, Esc to quit)
It was a potion of degeneration.
There was something very wrong with that liquid.
You feel clumsy.
You constrict the hobgoblin, but do no damage.
* * * LOW HITPOINT WARNING * * *
You feel sick. The hobgoblin hits you.
You die...

... #..# ##...#
##..... #+## #......
##...## #.....
##.....## #...r##
##.......##
###..g@####.........#
...........'.........
####....####.(....#
#.#.## ##.....# #...
##....###.## ###.
##...###_.. #.
##).###.# #. #..#
###..###+##


You could see a hobgoblin and a rat.

Vanquished Creatures
  2 adders (D:2)
  A giant gecko (D:1)
  8 bats (D:1)
  A giant cockroach (D:1)
  3 hobgoblins
  5 kobolds
  2 giant newts
  A rat (D:2)
23 creatures vanquished.

Notes
Turn   | Place    | Note
--------------------------------------------------------------
     0 | D:1      | Alarkh the Octopode Transmuter began the quest for the Orb.
     0 | D:1      | Reached XP level 1. HP: 13/13 MP: 3/3
   157 | D:1      | Reached XP level 2. HP: 15/18 MP: 3/5
   740 | D:1      | Reached skill level 4 in Unarmed Combat
   827 | D:2      | Reached XP level 3. HP: 20/23 MP: 6/6
   906 | D:2      | Found a deep blue altar of Sif Muna.
   928 | D:2      | HP: 1/23 [poisoned by an adder]
   928 | D:2      | Slain by a hobgoblin

Action                   || total
-------------------------++-------
Melee: Unarmed           ||    52
 Cast: Beastly Appendage ||    17
  Use: Potion            ||     1
 Stab: Sleeping          ||     5
